cohdb
Replays
Latest Replays
All Replays
Popular Replays
Top Player Replays
Match Explorer
How It Works
Community
CoH3 Stats
Reddit
Sign in to upload your games and track your stats! →
Sign in with Steam
Match 39297295
Unlisted
Match 39297295
Overview
Messages
Build Orders
End
Kettenkrad Recon Vehicle
Construct Infanterie Kompanie
MG 42 Machine Gun Team
Selects Mechanized Battlegroup
Grenadier Squad
Grenadier Squad
Grenadier Squad
GrW 34 Mortar Team
Construct Panzergrenadier Kompanie
Pak 40 Anti-tank Gun Team
Selects Raid Package
Pak 40 Anti-tank Gun Team
Construct Panzer Kompanie
Panzer IV Medium Tank
Selects 8 Rad Armored Car
Selects UNKNOWN (2160084)
Pioneer Squad
Selects Spotting Scopes
Panther Heavy Tank
Selects Wespe Self-propelled Artillery
ASTRAL-MUSCHEL
GhettoschinkenDeluxe2
CaptainProlo
astrostorm
qZeto
BIOHAZARD
Gorgolo
Decapsy
0
0
Comments
sign in to comment!
No comments posted yet!